Map: Invader LE

Players

blackxored - Winner!

  • Race: Zerg Zerg
  • League: Diamond

Cruisader

  • Race: Protoss Protoss
  • League: Platinum

VOD

Have the link to the VOD?

Description

Time

  • Played on: June 19, 2016, 7:45 p.m.
  • Length: 17:12
Show
View Real Time Build Order
Export as new Build Order

blackxored Zerg - Winner!

Build Orders: Hatch First 

Get SALT Encoding   

  12  0:02  Drone  
  13  0:09  Drone  
  14  0:19  Overlord  
  14  0:23  Extractor  
  14  0:24  Drone  
  15  0:37  Drone  
  15  0:42  Drone  
  17  0:55  Hatchery  
  16  0:58  Drone  
  16  1:01  Drone  
  18  1:12  Extractor  
  18  1:16  Spawning Pool  
  16  1:19  Drone  
  16  1:25  Drone  
  18  1:30  Drone  
  19  1:39  Drone  
  20  1:49  Hatchery  
  19  1:54  Overlord  
  19  2:07  Queen  
  21  2:14  Queen  
  23  2:22  Metabolic Boost  
  23  2:24  Zergling x2  
  23  2:27  Zergling x2  
  25  2:51  Zergling x2  
  25  2:52  Zergling x8  
  25  2:55  Zergling x2  
  31  3:01  Zergling x2  
  32  3:06  Drone x2  
  34  3:14  Overlord  
  34  3:25  Drone x4  
  38  3:48  Drone x4  
  40  3:49  Drone x5  
  47  3:56  Queen  
  45  4:25  Extractor x2  
  45  4:40  Baneling Nest  
  45  4:41  Drone x2  
  45  4:42  Evolution Chamber  
  45  4:43  Pneumatized Carapace  
  45  4:47  Drone x5  
  45  4:49  Overlord x2  
  45  4:50  Overlord  
  49  5:06  Lair  
  49  5:11  Zerg Melee Weapons Level 1  
  49  5:19  Overlord  
  49  5:24  Drone x2  
  49  5:27  Drone x10  
  62  5:42  Zergling x2  
  62  5:43  Zergling x14  
  62  5:44  Zergling x6  
  72  5:56  Extractor, Drone  
  72  5:57  Extractor  
  72  5:58  Drone  
  72  5:59  Drone  
  73  6:09  Baneling  
  73  6:10  Baneling x3  
  73  6:20  Overlord x4  
  73  6:26  Baneling x4  
  73  6:35  Overlord  
  73  6:36  Overlord x2  
  73  6:49  Zergling x30  
  86  7:08  Zergling x10  
  87  7:29  Hatchery  
  86  7:31  Extractor, Drone x6  
  86  7:33  Extractor  
  86  7:34  Drone  
  91  7:39  Overseer  
  91  7:44  Extractor  
  90  7:45  Drone x2  
  90  7:47  Infestation Pit  
  91  8:03  Zergling x2  
  91  8:04  Zergling x14  
  99  8:05  Zerg Melee Weapons Level 2  
  87  8:20  Zergling x4  
  89  8:31  Zergling x4  
  84  8:39  Zergling x4  
  80  8:50  Zergling x2  
  80  8:51  Zergling x2  
  82  9:04  Baneling x2  
  82  9:07  Zergling x8  
  82  9:08  Zergling x4  
  88  9:12  Queen  
  88  9:13  Drone  
  88  9:16  Hive  
  91  9:19  Drone x2  
  91  9:23  Overseer  
  93  9:31  Hatchery  
  92  9:57  Zergling x20  
  102  10:03  Baneling  
  102  10:04  Baneling x35  
  89  10:39  Drone x2  
  89  10:40  Drone  
  89  10:41  Drone x3  
  94  10:50  Zergling x2  
  94  10:51  Zergling x4  
  83  11:03  Zergling x2  
  83  11:04  Zergling x4  
  54  11:15  Zergling x2  
  54  11:16  Zergling x2  
  56  11:20  Queen x2  
  56  11:21  Spine Crawler  
  56  11:24  Zergling x10  
  56  11:25  Spine Crawler  
  63  11:28  Spine Crawler x2  
  63  11:29  Spine Crawler  
  63  11:30  Queen  
  62  11:39  Zergling x6  
  64  11:43  Baneling x6  
  64  11:44  Zergling x2  
  64  11:45  Zergling x4  
  67  11:48  Zerg Ground Armor Level 1  
  67  11:50  Zergling x10  
  72  11:55  Queen x2  
  72  11:57  Spire  
  75  12:06  Zergling x8, Queen  
  81  12:19  Zergling x18  
  77  12:30  Adrenal Glands  
  76  12:39  Drone x2  
  76  12:42  Drone x4  
  82  13:11  Nydus Network  
  80  13:13  Hatchery  
  80  13:15  Zergling x18  
  87  13:40  Greater Spire  
  87  13:41  Corruptor x6  
  99  14:03  Nydus Canal  
  99  14:08  Corruptor x3  
  105  14:14  Drone x2  
  105  14:15  Extractor, Drone x4  
  105  14:16  Extractor  
  104  14:44  Zergling x12  
  104  14:45  Zergling x8  
  105  14:49  Zergling x2  
  105  14:51  Brood Lord  
  93  15:17  Mutalisk x2  
  93  15:20  Brood Lord  
  95  15:37  Zergling x2  
  95  15:38  Zergling x22  
  104  15:51  Drone x2  
  104  15:52  Drone x2  
  104  15:54  Brood Lord x2  
  112  16:19  Nydus Canal  
  112  16:32  Zergling x2  
  113  16:33  Zergling x12, Nydus Canal  
Show
View Real Time Build Order
Export as new Build Order

Cruisader Protoss 

Build Orders: 1 Gate Expand, Double Forge 

Get SALT Encoding   

  12  0:02  Probe (Chrono Boost)  
  13  0:12  Probe (Chrono Boost)  
  14  0:21  Pylon  
  14  0:23  Probe (Chrono Boost)  
  15  0:39  Probe (Chrono Boost)  
  15  0:41  Gateway  
  17  0:50  Probe (Chrono Boost)  
  17  0:52  Assimilator  
  17  1:00  Probe (Chrono Boost)  
  18  1:11  Probe (Chrono Boost)  
  19  1:21  Probe (Chrono Boost)  
  20  1:32  Probe (Chrono Boost)  
  21  1:38  Nexus  
  21  1:44  Cybernetics Core  
  21  1:46  Probe (Chrono Boost)  
  22  2:02  Gateway  
  22  2:06  Probe (Chrono Boost)  
  23  2:20  Pylon  
  23  2:29  Assimilator  
  23  2:34  Warp Gate  
  23  2:38  Adept  
  23  2:39  Forge, Probe (Chrono Boost)  
  26  2:48  Forge  
  26  2:54  Probe x2 (Chrono Boost)  
  26  2:56  Adept  
  30  3:04  Probe (Chrono Boost)  
  30  3:05  Pylon  
  31  3:09  Probe (Chrono Boost)  
  32  3:17  Probe (Chrono Boost)  
  32  3:32  Robotics Facility  
  32  3:33  Probe (Chrono Boost)  
  33  3:34  Gateway  
  33  3:38  Protoss Ground Weapons Level 1  
  33  3:43  Protoss Ground Armor Level 1  
  33  3:46  Probe (Chrono Boost)  
  34  3:50  Probe (Chrono Boost)  
  35  3:57  Probe (Chrono Boost)  
  35  4:00  Probe (Chrono Boost)  
  35  4:02  Stalker  
  39  4:04  Stalker  
  41  4:31  Probe x2 (Chrono Boost)  
  41  4:41  Immortal, Probe x2 (Chrono Boost)  
  47  4:49  Robotics Bay  
  47  4:52  Probe x2 (Chrono Boost)  
  49  4:58  Stalker x2  
  53  5:04  Assimilator  
  53  5:06  Assimilator  
  53  5:25  Pylon  
  53  5:29  Probe (Chrono Boost)  
  54  5:40  Gateway  
  54  5:41  Gateway  
  54  5:43  Probe (Chrono Boost)  
  54  5:44  Stalker  
  54  5:47  Stalker x2  
  61  5:51  Probe (Chrono Boost)  
  62  6:10  Pylon  
  62  6:11  Pylon  
  62  6:14  Pylon  
  62  6:15  Pylon  
  62  6:24  Nexus  
  62  6:26  Twilight Council  
  62  6:27  Pylon, Warp Prism  
  62  6:28  Pylon, Probe (Chrono Boost)  
  62  6:32  Adept x2  
  66  6:36  Probe (Chrono Boost)  
  66  6:38  Probe (Chrono Boost)  
  52  7:09  Disruptor  
  52  7:10  Protoss Ground Armor Level 2, Protoss Ground Weapons Level 2  
  52  7:13  Blink  
  53  7:16  Probe x2 (Chrono Boost)  
  49  7:27  Mothership Core (Chrono Boost)  
  49  7:28  Adept x2  
  49  7:29  Adept x2  
  59  7:37  Probe x2 (Chrono Boost)  
  61  7:45  Disruptor  
  61  7:50  Gateway  
  61  7:51  Gateway, Pylon  
  64  7:55  Adept x2  
  64  7:58  Probe x2 (Chrono Boost)  
  70  7:59  Probe (Chrono Boost)  
  70  8:03  Stalker  
  64  8:23  Adept  
  64  8:24  Adept x2  
  64  8:29  Adept  
  59  8:40  Disruptor  
  50  8:50  Adept x4  
  58  9:06  Adept x2  
  62  9:19  Immortal  
  66  9:25  Adept x4  
  74  9:33  Adept  
  74  9:34  Adept  
  78  9:39  Resonating Glaives  
  78  9:49  Probe x2 (Chrono Boost)  
  80  10:12  Adept x5  
  90  10:17  Nexus  
  88  10:27  Probe x2 (Chrono Boost)  
  64  10:38  Probe (Chrono Boost)  
  65  10:50  Adept x3  
  48  11:07  Adept x2  
  48  11:10  Probe (Chrono Boost)  
  51  11:12  Probe (Chrono Boost)  
  52  11:37  Probe x2 (Chrono Boost)  
  54  11:46  Pylon  
  54  11:47  Adept x2  
  58  11:56  Probe x2 (Chrono Boost)  
  58  11:59  Probe (Chrono Boost)  
  60  12:19  Zealot  
  60  12:20  Zealot x2  
  64  12:24  Probe (Chrono Boost)  
  59  12:43  Stalker x3  
  65  12:46  Probe (Chrono Boost)  
  66  12:53  Stalker  
  68  13:00  Probe x3 (Chrono Boost)  
  69  13:20  Immortal  
  69  13:22  Probe x3 (Chrono Boost)  
  76  13:40  Adept x4  
  84  13:45  Probe x3 (Chrono Boost)  
  87  13:58  Protoss Ground Weapons Level 3  
  87  14:00  Probe x3 (Chrono Boost)  
  90  14:18  Warp Prism  
  53  15:00  Adept x4  
  53  15:01  Adept x2  
  53  15:06  Warp Prism  
  67  15:07  Gateway  
  67  15:17  Assimilator  
  50  15:31  Adept x2  
  50  15:32  Adept x4  
  62  15:49  Immortal  
  66  15:59  Probe x2 (Chrono Boost)  
  68  16:07  Nexus, Probe (Chrono Boost)  
  68  16:10  Pylon, Probe (Chrono Boost)  
  68  16:11  Pylon  
  70  16:13  Adept  
  72  16:19  Probe (Chrono Boost)  
  73  16:38  Probe (Chrono Boost)  
  73  16:39  Probe x2 (Chrono Boost)  
  76  16:45  Adept x3  
  76  16:46  Adept  
Tags
 
Add a new tag
Caveats
  • Supply blocks, unpowered buildings, or Contaminate may cause inaccurate times.
  • Supply counts are checked every 10 seconds.